 Dungeon Crawl Stone Soup version 0.21.1-1-g345015f (webtiles) character file.

78479 thrashmonkey the Peltast (level 15, -12/138 HPs)
             Began as a Minotaur Fighter on June 28, 2018.
             Was the Champion of Okawaru.
             Killed from afar by an ice dragon (31 damage)
             ... with a blast of cold
             ... on level 15 of the Dungeon on June 29, 2018.
             The game lasted 01:06:07 (24269 turns).

thrashmonkey the Peltast (Minotaur Fighter)        Turns: 24269, Time: 01:06:07

Health: -12/138    AC: 25    Str: 27    XL:     15   Next: 18%
Magic:  15/15      EV:  8    Int: 11    God:    Okawaru [******]
Gold:   1695       SH: 26    Dex: 13    Spells: 14/14 levels left

rFire    . . .     SeeInvis .   a - +9 double sword of Vonycuwk {freeze, MR+ Int+6}
rCold    . . .     Gourm    .   n - +1 large shield {AC+3}
rNeg     + . .     Faith    .   E - +2 plate armour {rN+}
rPois    .         Spirit   .   (helmet restricted)
rElec    .         Reflect  +   (no cloak)
rCorr    .         Harm     .   d - +0 pair of gloves {Dex+3}
MR       +++..                  M - +2 pair of boots
Stlth    ..........             D - +3 amulet of reflection
HPRegen  0.33/turn              c - +4 ring of slaying
MPRegen  0.14/turn              r - ring of protection from magic

@: studying Dodging
A: retaliatory headbutt, horns 2
a: Heroism, Finesse, Renounce Religion


You were on level 15 of the Dungeon.
You worshipped Okawaru.
Okawaru was exalted by your worship.
You were not hungry.

You visited 3 branches of the dungeon, and saw 22 of its levels.
You also visited: Labyrinth and Ossuary.

You collected 2075 gold pieces.
You spent 380 gold pieces at shops.

Inventory:

Hand Weapons
 a - the +9 double sword of Vonycuwk (weapon) {freeze, MR+ Int+6}
   (Okawaru gifted it to you on level 11 of the Dungeon)

   It has been specially enchanted to freeze those struck by it, causing extra
   injury to most foes and up to half again as much damage against particularly
   susceptible opponents.
   It can also slow down cold-blooded creatures.
   It affects your intelligence (+6).
   It affects your resistance to hostile enchantments.
 p - a +3 scimitar of flaming
Armour
 d - a +0 pair of gloves of dexterity (worn)
 n - a +1 large shield of protection (worn)
 E - a +2 plate armour of positive energy (worn)
 M - a +2 pair of boots (worn)
Jewellery
 c - a +4 ring of slaying (left hand)
 o - a +4 ring of evasion
 r - a ring of protection from magic (right hand)
 A - an uncursed ring of flight
 D - a +3 amulet of reflection (around neck)
Wands
 k - a wand of iceblast (5)
 u - a wand of paralysis (35)
 I - a wand of digging (41)
 N - a wand of polymorph (27)
Scrolls
 g - 11 scrolls of identify
 j - a scroll of amnesia
 l - 14 scrolls of teleportation
 s - 6 scrolls of fog
 y - 2 scrolls of blinking
 G - 3 scrolls of fear
Potions
 h - 2 potions of ambrosia
 i - a potion of brilliance
 m - 5 potions of haste
 t - 10 potions of heal wounds
 H - 6 potions of curing
Books
 B - a manual of Dodging
Miscellaneous
 e - a lightning rod (4/4)
Comestibles
 f - 38 rations


   Skills:
 + Level 14.1 Fighting
 + Level 17.5 Long Blades
 + Level 12.7 Armour
 + Level 4.0 Dodging
 + Level 17.8 Shields
 + Level 2.1 Evocations


You had 14 spell levels left.
You didn't know any spells.

Dungeon Overview and Level Annotations

Branches:
Dungeon (15/15)            Temple (1/1) D:7            Lair (6/6) D:8
  Swamp (0/4) Lair:4        Snake (0/4) Lair:3        Slime (0/5) Lair:5
    Orc (0/2) D:11         Vaults (0/5) D:13
 Depths: D:15

Altars:
Ashenzari
Cheibriados
Dithmenos
Elyvilon
Fedhas
Gozag
Hepliaklqana
Kikubaaqudgha
Makhleb
Nemelex Xobeh
Okawaru
Qazlal
Sif Muna
Trog
Uskayaw
Vehumet
Xom
Zin

Shops:
D:3 *   D:7 %*:[

Portals:
Hell: Lair:6


Innate Abilities, Weirdness & Mutations

You reflexively headbutt those who attack you in melee.
You have a pair of horns on your head.


Message History

You block the ice dragon's attack. x2
You slash the ice dragon! You freeze the ice dragon.
You headbutt the ice dragon.
The ice dragon is almost dead.
You block the ice dragon's attack. x2
The ice dragon tramples you but does no damage.
Your shield and plate armour prevent you from hitting the ice dragon.
You headbutt the ice dragon.
The ice dragon is almost dead.
The ice dragon bites you.
* * * LOW HITPOINT WARNING * * *
The ice dragon claws you but does no damage.
You block the ice dragon's attack.
You barely miss the ice dragon. Your headbutt misses the ice dragon.
The ice dragon is almost dead.
You closely miss the ice dragon. Your headbutt misses the ice dragon.
The ice dragon is almost dead.
The ice dragon breathes frost at you. The blast of cold hits you!
You die...

.########## #........ .)........#
#........ .)........# #####
#........
###.......###....######+#........
#...........[.................(
#.....########......#..........
#....##$$$$.###.8..##..........
#...##.......##...##..........#
#...# #.D@..##...........#
###...##.......#####............#
.......##$$$$.##.......).)......#
...[....#######..........)......#
.........(............#####.....#
......................# .....#
......................# .....#
###########...........# .....#
#...........# .....#


You could see an ice dragon.

Vanquished Creatures
  Kirke (D:14)
  A minotaur (Lab)
  A fire dragon (D:15)
  A death knight (D:14)
  Erica (D:9)
  6 hydras
  A centaur warrior (D:10)
  A catoblepas (Lair:3)
  2 dancing weapons (D:13)
  6 two-headed ogres
  3 death yaks (D:8)
  A queen ant (Lair:3)
  A tengu warrior (D:14)
  A sixfirhy (Lair:6)
  2 unseen horrors (D:13)
  A wizard (Lair:6)
  Pikel (D:8)
  An orc knight (D:15)
  A phantasmal warrior (D:14)
  3 oklob plants
  2 slime creatures (D:14)
  10 ugly things
  A deep elf mage (D:14)
  3 manticores
  18 elephants
  Joseph (Lair:1)
  A centaur zombie (D:12)
  A guardian serpent (D:13)
  A smoke demon (Lair:6)
  3 centaur skeletons
  7 black mambas
  7 spiny frogs
  3 orange demons (Lair:6)
  An efreet (D:15)
  10 rime drakes
  5 komodo dragons
  A freezing wraith (D:14)
  An ice devil (Lair:6)
  3 tengu conjurers
  A red devil (Lair:6)
  3 meliai (D:15)
  4 trolls
  A polar bear (Lair:5)
  9 hippogriffs
  3 blink frogs (Lair:6)
  Prince Ribbit (D:5)
  A hornet (D:12)
  3 shadows
  36 yaks
  Sigmund (D:3)
  A redback (Lab)
  A wraith (D:15)
  3 basilisks
  A vampire (D:13)
  2 hogs (D:14)
  5 wyverns
  3 hungry ghosts
  11 vampire mosquitoes
  Eustachio (D:6)
  A naga (Lair:3)
  6 swamp worms (Lair:4)
  5 soldier ants (Lair:3)
  An acid dragon (D:7)
  Edmund (D:6)
  Menkaure (D:4)
  7 water moccasins
  11 porcupines
  5 hell hounds (Lair:6)
  4 ice beasts
  8 orc warriors
  5 phantoms
  6 sky beasts
  A hornet zombie (D:13)
  A necrophage (D:5)
  2 black bears
  8 ogres
  A wolf (Lair:6)
  15 centaurs
  14 crocodiles
  3 big kobolds
  19 bullfrogs
  2 gnoll sergeants
  A water moccasin zombie (D:6)
  A wyvern zombie (D:13)
  4 scorpions
  8 wights
  An electric eel (Lair:4)
  4 lava snakes (Lab)
  3 crimson imps
  2 bullfrog zombies
  2 quasits
  3 jellies
  10 orc priests
  4 hounds
  19 orc wizards
  3 bullfrog skeletons
  Jessica (D:3)
  8 iguanas
  Terence (D:2)
  8 hell rats
  15 worker ants
  A hound zombie (D:6)
  8 mummies (Ossuary)
  2 howler monkey skeletons
  2 worker ant zombies
  Robin (D:3)
  6 gnolls
  17 adders
  2 river rats
  4 shadow imps
  An ooze (D:1)
  2 adder zombies
  2 worms
  5 dart slugs
  4 leopard geckos
  75 orcs
  2 ball pythons (D:2)
  8 giant cockroaches
  2 gnoll zombies (Ossuary)
  15 goblins
  12 hobgoblins
  8 jackals
  5 quokkas
  4 bats
  4 frilled lizards
  A hobgoblin zombie (Ossuary)
  24 kobolds
  2 kobold zombies (Ossuary)
  3 orc zombies (Ossuary)
  A quokka skeleton (D:6)
  A quokka zombie (D:5)
  9 rats
  3 plants (Lair:3)
667 creatures vanquished.

Vanquished Creatures (others)
  2 centaur warriors (D:13)
  An unseen horror (D:13)
  A cyclops (D:14)
  A porcupine (D:8)
  2 slaves (D:8)
  7 centaurs
  An adder (D:8)
  2 hobgoblins (D:8)
  A quokka (D:8)
  3 goblins (D:8)
  2 kobolds
  A rat (D:8)
  18 fungi (Lair:6)
  12 plants
54 creatures vanquished.

Grand Total: 721 creatures vanquished

Notes
Turn   | Place    | Note
-------+----------+-------------------------------------------
     0 | D:1      | thrashmonkey the Minotaur Fighter began the quest for the Orb.
     0 | D:1      | Reached XP level 1. HP: 19/19 MP: 0/0
    48 | D:1      | Reached XP level 2. HP: 27/27 MP: 1/1
   488 | D:1      | Reached XP level 3. HP: 33/33 MP: 2/2
  1260 | D:2      | Reached XP level 4. HP: 40/40 MP: 3/3
  1466 | D:3      | Noticed Terence
  1472 | D:2      | Killed Terence
  1472 | D:2      | Reached skill level 1 in Dodging
  1896 | D:3      | Found an opulent altar of Gozag.
  1897 | D:3      | Noticed a sky beast
  1937 | D:3      | Killed a sky beast
  1937 | D:3      | Reached skill level 5 in Long Blades
  1937 | D:3      | Reached XP level 5. HP: 18/46 MP: 4/4
  2142 | D:3      | Noticed Jessica
  2148 | D:3      | Killed Jessica
  2348 | D:3      | Found Gozag's Platinum Reserve.
  2353 | D:3      | Noticed Robin
  2368 | D:3      | Reached XP level 6. HP: 52/52 MP: 5/5
  2395 | D:3      | Killed Robin
  2395 | D:3      | Reached skill level 5 in Shields
  2829 | D:3      | Noticed Sigmund
  2840 | D:3      | Killed Sigmund
  2938 | D:4      | Reached XP level 7. HP: 37/60 MP: 6/6
  3495 | D:4      | Noticed Menkaure
  3503 | D:4      | Killed Menkaure
  3503 | D:4      | Reached skill level 5 in Armour
  4077 | D:5      | Entered Level 5 of the Dungeon
  4195 | D:5      | Reached skill level 5 in Fighting
  4210 | D:5      | Got a bone great sword
  4242 | D:5      | Noticed Prince Ribbit
  4261 | D:5      | Reached XP level 8. HP: 56/63 MP: 7/7
  4519 | D:5      | Killed Prince Ribbit
  5079 | D:5      | Found a stormy altar of Qazlal.
  5214 | D:6      | Reached skill level 1 in Evocations
  5617 | D:6      | Reached XP level 9. HP: 57/70 MP: 7/9
  5990 | D:6      | Noticed Eustachio
  6007 | D:6      | Killed Eustachio
  6419 | D:6      | Reached skill level 10 in Long Blades
  6465 | D:6      | Noticed Edmund
  6476 | D:6      | Killed Edmund
  6791 | D:7      | Found Varph's Antique Armour Shoppe.
  6815 | D:7      | Found Ossueg's Book Emporium.
  6901 | D:7      | Found Maothol's Food Shoppe.
  6926 | D:7      | Found Ygump's General Store.
  6932 | D:7      | Bought a scroll of noise for 14 gold pieces
  6932 | D:7      | Bought a scroll of identify for 28 gold pieces
  6932 | D:7      | Bought a scroll of identify for 28 gold pieces
  6932 | D:7      | Bought a scroll of identify for 28 gold pieces
  6932 | D:7      | Bought a scroll of teleportation for 42 gold pieces
  6939 | D:7      | Found a staircase to the Ecumenical Temple.
  6948 | Temple   | Entered the Ecumenical Temple
  7041 | Temple   | Became a worshipper of Warmaster Okawaru
  7150 | D:7      | Found a sand-covered staircase.
  7158 | Ossuary  | Entered an ossuary
  7822 | D:7      | Reached XP level 10. HP: 81/81 MP: 10/10
  7954 | D:7      | Bought a pair of glowing boots for 240 gold pieces
  8001 | D:7      | Reached * piety under Okawaru
  8385 | D:8      | Reached skill level 10 in Shields
  8387 | D:8      | Noticed Pikel
  8429 | D:8      | Killed Pikel
  8527 | D:8      | Noticed a two-headed ogre
  8541 | D:8      | Killed a two-headed ogre
  8541 | D:8      | Reached ** piety under Okawaru
  8592 | D:8      | Found a staircase to the Lair.
  8592 | D:8      | Noticed a death yak
  8592 | D:8      | Noticed a death yak
  8593 | D:8      | Noticed a death yak
  8626 | D:8      | Killed a death yak
  8653 | D:8      | Killed a death yak
  8666 | D:8      | Killed a death yak
  8666 | D:8      | Reached *** piety under Okawaru
  8666 | D:8      | Reached XP level 11. HP: 22/90 MP: 11/11
  9177 | D:8      | Found a bloodstained altar of Trog.
  9792 | D:9      | Noticed Erica
  9830 | D:9      | Killed Erica
 10118 | D:9      | Reached **** piety under Okawaru
 10133 | D:9      | Noticed a two-headed ogre
 10139 | D:9      | Killed a two-headed ogre
 10471 | D:10     | Entered Level 10 of the Dungeon
 10544 | D:10     | Noticed a two-headed ogre
 10548 | D:10     | Killed a two-headed ogre
 10618 | D:10     | Noticed a brown ugly thing
 10632 | D:10     | Killed a brown ugly thing
 10873 | D:10     | Reached ***** piety under Okawaru
 11117 | D:10     | Noticed a centaur warrior
 11125 | D:10     | Killed a centaur warrior
 11459 | D:10     | Found a radiant altar of Vehumet.
 11915 | D:11     | Received a gift from Okawaru
 11916 | D:11     | Got a fine double sword {god gift}
 11920 | D:11     | Identified the +9 double sword of Vonycuwk {freeze, MR+ Int+6} (Okawaru gifted it to you on level 11 of the Dungeon)
 12154 | D:11     | Reached skill level 10 in Fighting
 12186 | D:11     | Reached XP level 12. HP: 106/106 MP: 12/12
 12205 | D:11     | Found a staircase to the Orcish Mines.
 12780 | Lair:1   | Entered Level 1 of the Lair of Beasts
 12780 | Lair:1   | Noticed a seven-headed hydra
 12786 | Lair:1   | Killed a four-headed hydra
 12786 | Lair:1   | Received a gift from Okawaru
 13313 | Lair:1   | Noticed Joseph
 13323 | Lair:1   | Killed Joseph
 13476 | Lair:1   | Noticed a seven-headed hydra
 13490 | Lair:1   | Killed a two-headed hydra
 13833 | Lair:2   | Reached skill level 10 in Armour
 13992 | Lair:2   | Received a gift from Okawaru
 14258 | Lair:2   | Reached skill level 15 in Long Blades
 14627 | Lair:3   | Noticed a queen ant
 14632 | Lair:3   | Killed a queen ant
 15189 | Lair:3   | Noticed a catoblepas
 15205 | Lair:3   | Killed a catoblepas
 15460 | Lair:3   | Found a staircase to the Snake Pit.
 15470 | Lair:3   | Reached XP level 13. HP: 116/116 MP: 13/13
 15846 | Lair:4   | Reached ****** piety under Okawaru
 15898 | Lair:4   | Found a staircase to the Swamp.
 16021 | Lair:4   | Received a gift from Okawaru
 16022 | Lair:4   | Got an ebony scimitar {god gift}
 16023 | Lair:4   | Identified the +3 scimitar of Ittotwijo {venom, Dex+4} (Okawaru gifted it to you on level 4 of the Lair of Beasts)
 16776 | Lair:5   | Found a staircase to the Slime Pits.
 17547 | Lair:6   | Entered Level 6 of the Lair of Beasts
 17869 | Lair:6   | Received a gift from Okawaru
 18044 | Lair:6   | Reached skill level 15 in Shields
 18244 | Lair:6   | Found a burning altar of Makhleb.
 18285 | Lair:6   | Received a gift from Okawaru
 18286 | Lair:6   | Got a pitted plate armour {god gift}
 18462 | Lair:6   | Found a gateway to Hell.
 18968 | Lair:6   | Reached XP level 14. HP: 127/127 MP: 14/14
 19863 | Lair:2   | Identified the +3 plate armour of Sin {MR+} (Okawaru gifted it to you on level 6 of the Lair of Beasts)
 21132 | D:13     | Found a labyrinth entrance.
 21138 | Lab      | Entered a labyrinth
 21819 | Lab      | Received a gift from Okawaru
 22140 | D:13     | Found a gate to the Vaults.
 23510 | D:14     | Received a gift from Okawaru
 23651 | D:14     | Noticed Kirke
 23663 | D:14     | Killed Kirke
 23663 | D:14     | Reached XP level 15. HP: 128/137 MP: 15/15
 24068 | D:15     | Entered Level 15 of the Dungeon
 24269 | D:15     | Killed from afar by an ice dragon

Skill      XL: |  1  2  3  4  5  6  7  8  9 10 11 12 13 14 15 |
---------------+----------------------------------------------+-----
Long Blades    | 3 4 5 6 7 9 10 11 13 15 16 17 | 17.5
Fighting       | 4 5 6 7 8 10 11 12 13 14 | 14.1
Shields        | 4 5 6 7 9 11 13 14 15 17 | 17.8
Armour         | 4 5 6 7 8 9 10 11 12 | 12.7
Dodging        | 1 2 3 4 |  4.0
Evocations     | 1 2 |  2.1

Action                   |  1- 3 |  4- 6 |  7- 9 | 10-12 | 13-15 || total
-------------------------+-------+-------+-------+-------+-------++-------
Melee: Long sword        |   106 |   149 |   486 |   260 |       ||  1001
       Headbutt          |    22 |    23 |    88 |   147 |   147 ||   427
       Dagger            |       |       |     3 |       |       ||     3
       Scimitar          |       |       |       |   151 |    60 ||   211
       Double sword      |       |       |       |   263 |   611 ||   874
       Falchion          |       |       |       |       |     8 ||     8
 Abil: Stop Flying       |       |       |       |       |     1 ||     1
       Evoke Flight      |       |       |       |       |     1 ||     1
Evoke: Wand              |       |       |    20 |     5 |     1 ||    26
  Use: Scroll            |       |       |     9 |    12 |     7 ||    28
       Potion            |       |       |     1 |     3 |       ||     4
 Stab: Paralysed         |       |       |    15 |     8 |       ||    23
  Eat: Chunk             |     1 |     6 |    13 |    22 |    25 ||    67
       Ration            |       |       |     1 |     1 |     2 ||     4
Armor: Scale mail        |    43 |     5 |       |       |       ||    48
       Chain mail        |       |    61 |    74 |       |       ||   135
       Plate armour      |       |       |    52 |   218 |   199 ||   469
Dodge: Dodged            |    21 |    25 |    41 |    66 |    74 ||   227
Block: Shield            |    16 |       |       |       |       ||    16
       Large shield      |    72 |    95 |   371 |   523 |   653 ||  1714
       Reflection        |       |       |       |     1 |    73 ||    74
       Rpst.: Long sword |     5 |     5 |     9 |     7 |       ||    26
       Scimitar          |       |       |       |     3 |     2 ||     5
       Double sword      |       |       |       |     3 |    13 ||    16
